Map: Odyssey LE

Players

SamuraiFunn - Winner!

  • Race: Protoss Protoss
  • League: Platinum
  • Spawn Location: 5:00

A.I. 1 (Very Hard)

  • Race: Protoss Protoss
  • Spawn Location: 11:00

VOD

Have the link to the VOD?

Description

Time

  • Played on: Nov. 29, 2017, 10:45 p.m.
  • Length: 12:44
Show
View Real Time Build Order
Export as new Build Order

SamuraiFunn Protoss - Winner!

Build Orders:  

Get SALT Encoding   

  12  0:01  Probe  
  13  0:13  Probe  
  14  0:20  Pylon  
  14  0:25  Probe  
  15  0:38  Probe  
  16  0:46  Gateway  
  16  0:50  Probe  
  17  1:02  Probe  
  17  1:03  Assimilator  
  18  1:06  Pylon  
  18  1:15  Probe (Chrono Boost)  
  20  1:26  Probe (Chrono Boost)  
  20  1:34  Zealot  
  20  1:39  Cybernetics Core  
  22  1:40  Probe  
  23  1:53  Assimilator  
  23  1:56  Probe  
  24  2:07  Nexus  
  24  2:08  Probe  
  25  2:13  Pylon  
  25  2:17  Warp Gate (Chrono Boost)  
  25  2:20  Probe  
  26  2:28  Adept  
  28  2:32  Probe  
  29  2:47  Robotics Facility  
  29  2:49  Gateway  
  29  2:54  Probe  
  30  3:06  Probe  
  31  3:16  Adept  
  33  3:39  Gateway  
  33  3:40  Observer  
  34  3:42  Gateway  
  34  3:45  Robotics Facility  
  34  3:48  Probe (Chrono Boost)  
  37  3:58  Probe (Chrono Boost)  
  37  3:59  Probe (Chrono Boost)  
  37  4:01  Observer  
  37  4:02  Probe  
  39  4:09  Probe  
  40  4:14  Probe  
  41  4:18  Stalker, Assimilator  
  41  4:19  Stalker  
  41  4:21  Probe  
  41  4:22  Assimilator  
  46  4:33  Observer  
  46  4:37  Twilight Council  
  47  4:40  Observer  
  47  4:41  Probe x2  
  50  4:54  Probe x2  
  52  5:05  Pylon  
  52  5:06  Probe x2  
  54  5:08  Pylon  
  54  5:12  Pylon  
  54  5:23  Probe x2  
  54  5:24  Immortal  
  60  5:34  Stalker  
  62  5:38  Probe x2  
  64  5:43  Nexus  
  64  5:46  Stalker  
  64  5:47  Pylon  
  64  5:49  Pylon  
  66  5:52  Pylon  
  66  5:58  Stalker x2  
  66  6:03  Immortal  
  74  6:17  Probe x2  
  76  6:29  Probe x2  
  78  6:36  Stalker x3  
  78  6:39  Immortal  
  88  6:41  Probe x2  
  88  6:43  Immortal  
  94  6:53  Probe  
  96  6:54  Probe  
  96  6:56  Probe  
  96  7:00  Stalker  
  96  7:01  Stalker x2  
  103  7:05  Probe  
  103  7:06  Probe  
  105  7:10  Probe  
  105  7:12  Assimilator  
  108  7:26  Probe (Chrono Boost)  
  108  7:27  Probe x2 (Chrono Boost)  
  108  7:29  Immortal  
  113  7:33  Probe (Chrono Boost), Forge  
  113  7:35  Forge  
  114  7:40  Probe  
  114  7:43  Pylon  
  116  7:44  Probe x2  
  116  7:47  Pylon  
  117  8:01  Immortal  
  121  8:11  Probe x3  
  124  8:19  Pylon  
  124  8:21  Pylon  
  124  8:23  Probe x2, Stalker x3  
  132  8:27  Pylon  
  132  8:32  Robotics Facility  
  132  8:37  Immortal  
  132  8:41  Immortal  
  140  8:43  Pylon  
  138  8:57  Pylon  
  138  9:00  Pylon  
  138  9:07  Protoss Ground Weapons Level 1  
  138  9:08  Protoss Ground Armor Level 1  
  138  9:10  Blink  
  138  9:27  Stalker  
  138  9:28  Stalker x3  
  138  9:35  Immortal x2  
  138  10:07  Stalker x3  
  138  10:08  Stalker  
  146  10:18  Gateway  
  146  10:19  Gateway  
  146  10:21  Gateway  
  146  10:23  Gateway  
  142  10:41  Stalker  
  142  10:42  Stalker x3  
  148  10:48  Immortal x3  
  160  11:14  Stalker x4  
  168  11:21  Nexus  
  168  11:27  Immortal x2  
  176  11:48  Nexus  
  176  11:52  Pylon  
  172  11:54  Pylon  
  172  11:56  Pylon  
  172  11:59  Assimilator  
  168  12:05  Assimilator  
Show
View Real Time Build Order
Export as new Build Order

A.I. 1 (Very Hard) Protoss 

Build Orders: Blink Stalkers, Zealot Archon 

Get SALT Encoding   

  12  0:00  Probe  
  13  0:13  Probe  
  14  0:19  Pylon  
  14  0:25  Probe  
  15  0:37  Probe  
  15  0:40  Gateway  
  16  0:47  Assimilator  
  16  0:49  Probe  
  17  1:01  Probe, Pylon  
  18  1:13  Probe  
  19  1:25  Probe  
  19  1:30  Cybernetics Core, Zealot  
  22  1:37  Probe, Assimilator  
  23  1:50  Probe  
  24  2:02  Probe  
  24  2:06  Stalker  
  27  2:08  Pylon  
  27  2:09  Warp Gate  
  27  2:14  Probe  
  28  2:22  Twilight Council  
  28  2:26  Probe  
  29  2:34  Gateway  
  29  2:38  Probe  
  29  2:44  Stalker  
  32  2:50  Probe  
  33  3:00  Blink  
  33  3:07  Gateway  
  33  3:13  Stalker  
  35  3:22  Pylon  
  35  3:26  Stalker  
  37  3:28  Probe  
  37  3:40  Probe  
  38  3:43  Stalker  
  40  3:52  Probe  
  41  3:56  Stalker x2  
  45  4:03  Pylon  
  45  4:20  Pylon  
  45  4:21  Zealot  
  47  4:33  Adept  
  47  4:34  Adept  
  51  4:40  Gateway  
  51  4:41  Stalker  
  53  4:53  Adept  
  53  4:54  Adept  
  57  5:04  Adept  
  59  5:13  Adept  
  61  5:15  Adept  
  61  5:20  Pylon  
  63  5:37  Adept x3  
  63  5:38  Zealot  
  71  5:47  Pylon  
  71  5:51  Templar Archives  
  71  6:10  Pylon  
  71  6:27  Sentry, High Templar  
  71  6:28  High Templar  
  77  6:35  Nexus, Archon  
  77  6:40  Pylon  
  77  6:55  High Templar  
  79  7:23  High Templar  
  79  7:28  Archon  
  81  7:42  Pylon  
  81  7:47  Probe x2  
  81  7:50  High Templar  
  85  7:53  Assimilator  
  85  7:57  Assimilator  
  85  7:59  Probe  
  85  8:00  Probe  
  87  8:11  Probe  
  87  8:12  Probe  
  89  8:18  High Templar  
  91  8:23  Probe  
  91  8:24  Probe  
  93  8:32  Robotics Facility  
  93  8:35  Probe  
  93  8:37  Probe  
  95  8:43  High Templar, Archon  
  95  8:47  Forge  
  95  8:48  Probe  
  98  8:49  Probe, Pylon  
  99  8:57  High Templar  
  99  9:00  Probe  
  99  9:01  Probe  
  103  9:03  Forge  
  103  9:12  Probe  
  103  9:13  Probe, Sentry  
  103  9:16  Zealot  
  103  9:17  Zealot  
  111  9:21  Observer  
  111  9:22  Pylon  
  100  9:25  Photon Cannon  
  100  9:29  Stalker  
  90  9:36  Stalker, Zealot  
  90  9:37  Stalker  
  62  9:52  Zealot  
  64  9:56  Zealot  
  64  9:59  Zealot  
  68  10:00  Adept  
  70  10:12  Zealot  
  72  10:16  Stalker  
  72  10:19  Adept  
  72  10:20  Stalker  
  70  10:32  Stalker  
  56  10:39  Stalker x2  
  54  10:42  Sentry  
  50  10:55  Zealot  
  50  11:00  Probe  
  50  11:03  Zealot x2  
  38  11:05  Stalker  
  28  11:12  Probe  
  28  11:15  Zealot  
  31  11:23  Sentry, Adept  
  31  11:24  Probe  
  36  11:28  High Templar  
  38  11:35  Stalker  
  38  11:36  Probe  
  41  11:43  Zealot  
  41  11:46  Adept  
  45  11:48  Probe  
  46  11:58  Zealot  
  46  12:01  Stalker  
  38  12:03  High Templar  
  34  12:09  High Templar  
  24  12:18  Adept  
  19  12:24  High Templar  
Tags
 
League
Platinum
Matchup
PvP
Replay Pack
First 100 games
Spawn Locations
Cross Positions
Add a new tag
Caveats
  • Supply blocks, unpowered buildings, or Contaminate may cause inaccurate times.
  • Supply counts are checked every 10 seconds.